[Event "Vezerkepzo FM Christmas 2023"]
[Site "Budapest"]
[Date "2023.12.26"]
[Round "1.1"]
[White "Anjali R. Sagar"]
[Black "Varga, Csaba Zoltan"]
[Result "0-1"]
[ECO "B00"]
[WhiteElo "1559"]
[BlackElo "2201"]
[Annotator "ChessBase"]
[PlyCount "48"]
[EventDate "2023.12.25"]
[EventType "tourn"]
[EventCountry "HUN"]
[SourceTitle "playchess.com"]
[Source "ChessBase"]
[SourceQuality "1"]
[TimeControl "40/5400+30:1800+30"]

1. e4 Nc6 2. d4 d5 3. e5 f6 4. f4 Nh6 5. Nf3 Bg4 6. Be2 Qd7 7. c3 O-O-O 8. b4 e6 9. a4 Nf5 10. a5 Bxf3 11. Bxf3 Nh4 12. b5 Nb8 13. Qb3 Nxf3+ 14. gxf3 fxe5 15. fxe5 Qf7 16. Nd2 c5 17. Ba3 Qf4 18. Qc2 Nd7 19. O-O-O cxd4 20. Bxf8 Rhxf8 21. cxd4+ Kb8 22. Qb2 Rc8+ 23. Kb1 Qf5+ 24. Ka2 Rc2 0-1

[Event "Vezerkepzo FM Christmas 2023"]
[Site "Budapest"]
[Date "2023.12.26"]
[Round "1.2"]
[White "Sagar Siya"]
[Black "Kahn, Evarth"]
[Result "1-0"]
[ECO "B78"]
[WhiteElo "1537"]
[BlackElo "1972"]
[Annotator "NA"]
[PlyCount "101"]
[EventDate "2023.12.25"]
[EventType "tourn"]
[EventCountry "HUN"]
[SourceTitle "playchess.com"]
[Source "ChessBase"]
[SourceQuality "1"]
[TimeControl "40/5400+30:1800+30"]

1. e4 c5 2. Nf3 d6 3. d4 cxd4 4. Nxd4 Nf6 5. Nc3 g6 6. Be3 Bg7 7. f3 O-O 8. Qd2 Nc6 9. Bc4 Bd7 10. O-O-O Qa5 11. Kb1 Rfc8 12. Bb3 Ne5 13. h4 Rc4 14. Bxc4 Nxc4 15. Qd3 Rc8 16. Nb3 Qb4 17. Bd4 a5 18. a3 Nxa3+ 19. bxa3 Qxa3 20. Na2 Be6 21. Bb2 Qa4 22. Nc3 Qb4 23. Qb5 Rxc3 24. Qxb4 axb4 25. Bxc3 bxc3 26. g4 Nd7 27. Ka2 Ne5 28. Rhf1 Nc4 29. Rf2 b5 30. Ra1 Nd2 31. Ka3 Bxb3 32. cxb3 Bd4 33. Rxd2 cxd2 34. Rd1 Bc5+ 35. Kb2 Bb4 36. Kc2 Kg7 37. Ra1 e5 38. Ra8 Bc3 39. Rd8 Kf6 40. Rxd6+ Ke7 41. Rb6 b4 42. Rb8 Kf6 43. Rg8 h6 44. Kd1 Ke6 45. Rh8 Kf6 46. Rh7 Bd4 47. Kxd2 Bf2 48. h5 Bh4 49. Kd3 Kg5 50. Rxf7 gxh5 51. Rf5+ 1-0

[Event "Vezerkepzo FM Christmas 2023"]
[Site "Budapest"]
[Date "2023.12.26"]
[Round "1.3"]
[White "Kozma, Edit"]
[Black "Manukonda Arun"]
[Result "1-0"]
[ECO "B93"]
[WhiteElo "1754"]
[BlackElo "2085"]
[Annotator "NA"]
[PlyCount "57"]
[EventDate "2023.12.25"]
[EventType "tourn"]
[EventCountry "HUN"]
[SourceTitle "playchess.com"]
[Source "ChessBase"]
[SourceQuality "1"]
[TimeControl "40/5400+30:1800+30"]

1. e4 c5 2. Nf3 d6 3. d4 cxd4 4. Nxd4 Nf6 5. Nc3 a6 6. f4 e5 7. Nf3 Nbd7 8. Bd3 Be7 9. O-O O-O 10. Kh1 b5 11. Qe1 Bb7 12. a3 Rc8 13. fxe5 dxe5 14. Qg3 Nh5 15. Qh3 Nhf6 16. Qg3 Re8 17. Nxe5 Nxe5 18. Qxe5 Bxa3 19. Qf5 Rc5 20. Nd5 Rxd5 21. exd5 Bd6 22. Bg5 Re5 23. Bxf6 gxf6 24. Qxh7+ Kf8 25. Qh8+ Ke7 26. Qxf6+ Kd7 27. Qxd8+ Kxd8 28. Rxf7 Bxd5 29. Rf5 1-0

[Event "Vezerkepzo FM Christmas 2023"]
[Site "Budapest"]
[Date "2023.12.27"]
[Round "2.1"]
[White "Kahn, Evarth"]
[Black "Anjali R. Sagar"]
[Result "1-0"]
[ECO "C52"]
[WhiteElo "1972"]
[BlackElo "1559"]
[Annotator "NA"]
[PlyCount "49"]
[EventDate "2023.12.25"]
[EventType "tourn"]
[EventCountry "HUN"]
[SourceTitle "playchess.com"]
[Source "ChessBase"]
[SourceQuality "1"]
[TimeControl "40/5400+30:1800+30"]

1. e4 e5 2. Nf3 Nc6 3. Bc4 Bc5 4. b4 Bxb4 5. c3 Ba5 6. d4 Qe7 7. O-O Nf6 8. Ba3 d6 9. d5 Nd8 10. Qa4+ Bd7 11. Qxa5 b6 12. Qb4 Nxe4 13. Bb5 f5 14. Bxd7+ Qxd7 15. Nbd2 Nf6 16. c4 O-O 17. Nxe5 Qe8 18. Rfe1 dxe5 19. Rxe5 c5 20. dxc6 Qf7 21. Qxf8+ Qxf8 22. Bxf8 Kxf8 23. c7 Nc6 24. Re6 Nd4 25. Rd6 1-0

[Event "Vezerkepzo FM Christmas 2023"]
[Site "Budapest"]
[Date "2023.12.27"]
[Round "2.3"]
[White "Varga, Csaba Zoltan"]
[Black "Kozma, Edit"]
[Result "1-0"]
[ECO "A00"]
[WhiteElo "2201"]
[BlackElo "1754"]
[Annotator "ChessBase"]
[PlyCount "61"]
[EventDate "2023.12.25"]
[EventType "tourn"]
[EventCountry "HUN"]
[SourceTitle "playchess.com"]
[Source "ChessBase"]
[SourceQuality "1"]
[TimeControl "40/5400+30:1800+30"]

1. g3 Nf6 2. Bg2 g6 3. b4 Bg7 4. Bb2 O-O 5. d3 d5 6. Nd2 Be6 7. Ngf3 Qc8 8. h4 h5 9. Ng5 Bg4 10. c4 c6 11. Rc1 dxc4 12. Nxc4 Nh7 13. Bxg7 Kxg7 14. Nf3 Nd7 15. b5 c5 16. d4 Qd8 17. O-O Rc8 18. Qa4 cxd4 19. Qxa7 Be6 20. Qxd4+ Ndf6 21. Qxd8 Rfxd8 22. Na5 Bxa2 23. Nxb7 Rxc1 24. Nxd8 Rc8 25. Nc6 Bc4 26. Nfd4 Nd7 27. Nxe7 Re8 28. Nd5 Re5 29. Ne3 Bxb5 30. Nxb5 Rxb5 31. Bc6 1-0

[Event "Vezerkepzo FM Christmas 2023"]
[Site "Budapest"]
[Date "2023.12.28"]
[Round "3.1"]
[White "Anjali R. Sagar"]
[Black "Manukonda Arun"]
[Result "0-1"]
[ECO "C71"]
[WhiteElo "1559"]
[BlackElo "2085"]
[Annotator "NA"]
[PlyCount "70"]
[EventDate "2023.12.25"]
[EventType "tourn"]
[EventCountry "HUN"]
[SourceTitle "playchess.com"]
[Source "ChessBase"]
[SourceQuality "1"]
[TimeControl "40/5400+30:1800+30"]

1. e4 e5 2. Nf3 Nc6 3. Bb5 a6 4. Ba4 d6 5. d3 b5 6. Bb3 Na5 7. c3 Nxb3 8. Qxb3 Be6 9. Qc2 Be7 10. Nbd2 f5 11. d4 fxe4 12. Qxe4 Nf6 13. Qe2 O-O 14. dxe5 Nd5 15. Ne4 Bg4 16. exd6 cxd6 17. Qd3 Nb6 18. Nd4 d5 19. Ng3 Bd6 20. O-O Nc4 21. h3 Ne5 22. Qc2 Bd7 23. Bd2 Qf6 24. Rad1 Rac8 25. Qb1 Nc4 26. Bc1 Rce8 27. Qd3 Ne5 28. Qc2 Ng6 29. Nf3 Bxh3 30. Ng5 Bg4 31. f3 Bxg3 32. fxg4 Qb6+ 33. Kh1 Bb8 34. Qd3 Qd6 35. Nf3 Rxf3 0-1

[Event "Vezerkepzo FM Christmas 2023"]
[Site "Budapest"]
[Date "2023.12.28"]
[Round "3.2"]
[White "Sagar Siya"]
[Black "Varga, Csaba Zoltan"]
[Result "0-1"]
[ECO "B00"]
[WhiteElo "1537"]
[BlackElo "2201"]
[Annotator "ChessBase"]
[PlyCount "84"]
[EventDate "2023.12.25"]
[EventType "tourn"]
[EventCountry "HUN"]
[SourceTitle "playchess.com"]
[Source "ChessBase"]
[SourceQuality "1"]
[TimeControl "40/5400+30:1800+30"]

1. e4 Nc6 2. d4 e5 3. dxe5 Nxe5 4. Nc3 Bb4 5. Qd4 Qe7 6. Be3 Nf6 7. f3 Nc6 8. Qd3 d5 9. O-O-O Ne5 10. Qd2 O-O 11. Bg5 dxe4 12. fxe4 Bg4 13. Be2 Rad8 14. Qe3 Rxd1+ 15. Nxd1 Rd8 16. Qb3 Qd6 17. Nf3 Bxf3 18. Bxf3 Bd2+ 19. Bxd2 Qxd2+ 20. Kb1 Nxe4 21. a3 Nxf3 22. Qxf3 Qd4 23. Kc1 Qc4 24. Nc3 Nxc3 25. Qxc3 Qxc3 26. bxc3 f5 27. Rf1 g6 28. Rf4 Kf7 29. Ra4 a6 30. Rc4 Rd7 31. a4 Ke6 32. g3 Ke5 33. Rb4 c6 34. a5 g5 35. h4 h6 36. hxg5 hxg5 37. c4 f4 38. Rb3 g4 39. gxf4+ Kxf4 40. Rb1 g3 41. Kb2 g2 42. Rg1 Kf3 0-1

[Event "Vezerkepzo FM Christmas 2023"]
[Site "Budapest"]
[Date "2023.12.28"]
[Round "3.3"]
[White "Kozma, Edit"]
[Black "Kahn, Evarth"]
[Result "0-1"]
[ECO "B51"]
[WhiteElo "1754"]
[BlackElo "1972"]
[Annotator "NA"]
[PlyCount "70"]
[EventDate "2023.12.25"]
[EventType "tourn"]
[EventCountry "HUN"]
[SourceTitle "playchess.com"]
[Source "ChessBase"]
[SourceQuality "1"]
[TimeControl "40/5400+30:1800+30"]

1. e4 c5 2. Nf3 d6 3. Bb5+ Nc6 4. O-O Bd7 5. c3 Nf6 6. Re1 e6 7. d4 Be7 8. Bf4 Qb6 9. Na3 cxd4 10. cxd4 d5 11. Bxc6 Bxc6 12. exd5 Bxd5 13. Qa4+ Bc6 14. Qb3 Qxb3 15. axb3 Bxf3 16. gxf3 Nd5 17. Be5 Kd7 18. Nb5 f6 19. Bg3 h5 20. h3 h4 21. Bh2 a6 22. Nc3 Rh5 23. Ne4 Nb4 24. Rec1 Nc6 25. Nc5+ Bxc5 26. dxc5 e5 27. Rd1+ Ke7 28. f4 e4 29. Ra4 f5 30. f3 exf3 31. Kf2 Rhh8 32. Kxf3 Rhd8 33. Re1+ Kf7 34. Ke3 Rd5 35. Rc4 Re8+ 0-1

[Event "Vezerkepzo FM Christmas 2023"]
[Site "Budapest"]
[Date "2023.12.29"]
[Round "4.1"]
[White "Varga, Csaba Zoltan"]
[Black "Anjali R. Sagar"]
[Result "1-0"]
[ECO "A00"]
[WhiteElo "2201"]
[BlackElo "1559"]
[Annotator "ChessBase"]
[PlyCount "115"]
[EventDate "2023.12.25"]
[EventType "tourn"]
[EventCountry "HUN"]
[SourceTitle "playchess.com"]
[Source "ChessBase"]
[SourceQuality "1"]
[TimeControl "40/5400+30:1800+30"]

1. b4 a5 2. bxa5 Rxa5 3. Bb2 d6 4. Na3 Be6 5. e3 Nf6 6. Nf3 Nc6 7. Nb5 Rxa2 8. Rxa2 Bxa2 9. c4 d5 10. Qa4 Bxc4 11. Bxc4 dxc4 12. Ne5 e6 13. Nxc6 bxc6 14. Bxf6 gxf6 15. Nd4 Qd6 16. Nxc6 Qa3 17. Qb5 Qb3 18. Nb4+ Kd8 19. Nc6+ Ke8 20. Qxb3 cxb3 21. Ke2 Rg8 22. g3 Rg5 23. Rb1 Rc5 24. Nd4 e5 25. Nxb3 Rb5 26. d3 Kd7 27. g4 Ba3 28. Kd1 Kd6 29. Kc2 Rb6 30. Nd2 Rxb1 31. Kxb1 Bb4 32. Nc4+ Kd5 33. f3 Ke6 34. e4 Bc5 35. Kc2 Ke7 36. h4 Kf8 37. Kd2 Kg7 38. Ke2 Bd4 39. Nd2 Bg1 40. Nf1 Bb6 41. Ng3 Bc5 42. Kd2 Kg6 43. Nf5 Bb4+ 44. Kc2 Be1 45. Kb3 Bf2 46. Kc4 Be1 47. Kd5 Bf2 48. Kc6 Bb6 49. Kd7 Ba5 50. Ke8 Be1 51. Kf8 h5 52. gxh5+ Kxh5 53. Kxf7 Bxh4 54. Nxh4 Kxh4 55. Kxf6 Kg3 56. Kxe5 Kxf3 57. Kd5 Kf4 58. Kc6 1-0

[Event "Vezerkepzo FM Christmas 2023"]
[Site "Budapest"]
[Date "2023.12.29"]
[Round "4.2"]
[White "Kahn, Evarth"]
[Black "Sagar Siya"]
[Result "1-0"]
[ECO "C23"]
[WhiteElo "1972"]
[BlackElo "1537"]
[Annotator "NA"]
[PlyCount "89"]
[EventDate "2023.12.25"]
[EventType "tourn"]
[EventCountry "HUN"]
[SourceTitle "playchess.com"]
[Source "ChessBase"]
[SourceQuality "1"]
[TimeControl "40/5400+30:1800+30"]

1. e4 e5 2. Bc4 Bc5 3. Qh5 Qf6 4. Nf3 Nc6 5. Nc3 g6 6. Qg5 h6 7. Qxf6 Nxf6 8. d3 d6 9. Nb5 Bb6 10. Be3 a6 11. Nxd6+ cxd6 12. Bxb6 Bg4 13. Nd2 Nb4 14. Rc1 Rc8 15. a3 Nc6 16. h3 Be6 17. O-O Nh5 18. Bxe6 fxe6 19. g3 Rf8 20. c3 Ke7 21. Nc4 g5 22. Kg2 Nf6 23. a4 Nb8 24. f3 Nbd7 25. Be3 Nc5 26. Bxc5 Rxc5 27. a5 h5 28. b4 Rc7 29. Ne3 Rfc8 30. c4 Rc6 31. f4 gxf4 32. gxf4 Rg8+ 33. Kh2 exf4 34. Rxf4 b6 35. Rcf1 Nd7 36. d4 bxa5 37. bxa5 e5 38. Rf7+ Ke8 39. Nd5 Rg6 40. Rh7 Rxc4 41. Rh8+ Nf8 42. Rhxf8+ Kd7 43. R1f7+ Kc6 44. Rc7+ Kb5 45. Rb8+ 1-0

[Event "Vezerkepzo FM Christmas 2023"]
[Site "Budapest"]
[Date "2023.12.29"]
[Round "4.3"]
[White "Manukonda Arun"]
[Black "Kozma, Edit"]
[Result "1-0"]
[ECO "E27"]
[WhiteElo "2085"]
[BlackElo "1754"]
[Annotator "NA"]
[PlyCount "45"]
[EventDate "2023.12.25"]
[EventType "tourn"]
[EventCountry "HUN"]
[SourceTitle "playchess.com"]
[Source "ChessBase"]
[SourceQuality "1"]
[TimeControl "40/5400+30:1800+30"]

1. d4 Nf6 2. c4 e6 3. Nc3 Bb4 4. a3 Bxc3+ 5. bxc3 O-O 6. f3 d5 7. e3 b6 8. Bd3 Ba6 9. cxd5 Bxd3 10. Qxd3 exd5 11. Ne2 Nbd7 12. O-O Re8 13. Ng3 Nf8 14. e4 Ne6 15. e5 Nd7 16. f4 c5 17. f5 Nef8 18. f6 g6 19. Qd2 Ne6 20. Qh6 Kh8 21. Ne2 Rg8 22. Rf3 Qf8 23. Qxh7+ 1-0

[Event "Vezerkepzo FM Christmas 2023"]
[Site "Budapest"]
[Date "2023.12.30"]
[Round "5.1"]
[White "Anjali R. Sagar"]
[Black "Kahn, Evarth"]
[Result "0-1"]
[ECO "B77"]
[WhiteElo "1559"]
[BlackElo "1972"]
[Annotator "NA"]
[PlyCount "104"]
[EventDate "2023.12.25"]
[EventType "tourn"]
[EventCountry "HUN"]
[SourceTitle "playchess.com"]
[Source "ChessBase"]
[SourceQuality "1"]
[TimeControl "40/5400+30:1800+30"]

1. e4 c5 2. Nf3 d6 3. d4 cxd4 4. Nxd4 Nf6 5. Nc3 g6 6. Be3 Bg7 7. f3 O-O 8. Bc4 Nc6 9. Qd2 Qa5 10. Bb3 Nxd4 11. Bxd4 Be6 12. O-O Qb4 13. Rad1 Nd7 14. Bxg7 Kxg7 15. Qd4+ Qxd4+ 16. Rxd4 Rfc8 17. Nd5 Kf8 18. Ne3 Rc5 19. c3 a5 20. Bd5 Rb8 21. Rfd1 b5 22. a3 Nb6 23. Bxe6 fxe6 24. Kf2 Nc4 25. Rb1 e5 26. Rdd1 Nxe3 27. Kxe3 b4 28. axb4 axb4 29. cxb4 Rxb4 30. Rd2 Kf7 31. Ke2 Ke6 32. Kd1 g5 33. Rc2 Rcb5 34. Kc1 g4 35. Ra1 gxf3 36. gxf3 Rb3 37. Rf2 Rc5+ 38. Kb1 Rcc3 39. Ra7 Rxf3 40. Rg2 Rb4 41. Rg7 Rf7 42. Rg4 Rf1+ 43. Ka2 Rf2 44. Rg7 Rfxb2+ 45. Ka1 Rb1+ 46. Ka2 Rb7 47. Ra4 R1b2+ 48. Ka1 Rxh2 49. Rg3 h5 50. Ra6 Rh1+ 51. Ka2 h4 52. Rg2 h3 0-1

[Event "Vezerkepzo FM Christmas 2023"]
[Site "Budapest"]
[Date "2023.12.30"]
[Round "5.2"]
[White "Sagar Siya"]
[Black "Manukonda Arun"]
[Result "1-0"]
[ECO "B90"]
[WhiteElo "1537"]
[BlackElo "2085"]
[Annotator "NA"]
[PlyCount "97"]
[EventDate "2023.12.25"]
[EventType "tourn"]
[EventCountry "HUN"]
[SourceTitle "playchess.com"]
[Source "ChessBase"]
[SourceQuality "1"]
[TimeControl "40/5400+30:1800+30"]

1. e4 c5 2. Nf3 d6 3. d4 cxd4 4. Nxd4 Nf6 5. Nc3 a6 6. f3 e5 7. Nb3 Be7 8. Be3 Be6 9. Qd2 h5 10. Nd5 Nxd5 11. exd5 Bf5 12. Be2 Nd7 13. O-O Rc8 14. c4 O-O 15. Na5 Qc7 16. b4 Bd8 17. Rac1 Qb8 18. Nb3 b6 19. c5 bxc5 20. Bxa6 Rc7 21. bxc5 Nxc5 22. Nxc5 dxc5 23. Kh1 Ra7 24. Be2 Ba5 25. Qd1 Bb4 26. Bxc5 Bxc5 27. Rxc5 Rxa2 28. Bd3 Bxd3 29. Qxd3 Qb2 30. Rg1 h4 31. h3 Rfa8 32. d6 Qf2 33. Rxe5 Rd2 34. Qe4 Rf8 35. Rh5 g6 36. Rxh4 Rxd6 37. Qe1 Qb6 38. Qc3 f6 39. Qc4+ Kg7 40. Re1 Rd7 41. Rhe4 Rff7 42. Re8 Qf2 43. Qc8 Kh6 44. Qb8 Rd2 45. Rg1 Qd4 46. Rh8+ Kg5 47. h4+ Kf5 48. g4+ Ke6 49. Re1+ 1-0

[Event "Vezerkepzo FM Christmas 2023"]
[Site "Budapest"]
[Date "2023.12.30"]
[Round "5.3"]
[White "Kozma, Edit"]
[Black "Varga, Csaba Zoltan"]
[Result "0-1"]
[ECO "B00"]
[WhiteElo "1754"]
[BlackElo "2201"]
[Annotator "ChessBase"]
[PlyCount "120"]
[EventDate "2023.12.25"]
[EventType "tourn"]
[EventCountry "HUN"]
[SourceTitle "playchess.com"]
[Source "ChessBase"]
[SourceQuality "1"]
[TimeControl "40/5400+30:1800+30"]

1. e4 Nc6 2. d4 d5 3. exd5 Qxd5 4. Nf3 Bg4 5. Be2 e5 6. dxe5 Qxd1+ 7. Bxd1 O-O-O 8. Nbd2 h5 9. O-O Nh6 10. c3 Be7 11. Ba4 Bd7 12. Bxc6 Bxc6 13. Nd4 Bd5 14. N2b3 c5 15. Nc2 Ng4 16. f4 Bc4 17. Re1 Bd3 18. Ne3 Bh4 19. g3 Be7 20. h3 Nh6 21. c4 Rhe8 22. Nd5 Bf8 23. Be3 Bxc4 24. Nc3 b6 25. Nd2 Be6 26. Kh2 Nf5 27. Nde4 Rd3 28. Bf2 Red8 29. g4 hxg4 30. hxg4 Nh6 31. g5 Ng4+ 32. Kg2 Nxf2 33. Kxf2 Bg4 34. Re3 Rxe3 35. Kxe3 c4 36. Nb5 Rd3+ 37. Kf2 Kd7 38. Nxa7 Rf3+ 39. Kg2 Rxf4 40. Nf2 Bh5 41. Nh3 Rg4+ 42. Kh2 Re4 43. Rc1 Bb4 44. Rc2 Be1 45. Nb5 Rxe5 46. a4 Be2 47. Na3 Re4 48. Kg2 Rg4+ 49. Kh2 Bd3 50. Rg2 Rh4 51. Rg1 Bf2 52. Rc1 Be3 53. Rd1 Bf4+ 54. Kg2 Bd6 55. Nf2 Rd4 56. Nb5 Be4+ 57. Nxe4 Rxd1 58. Nexd6 Rxd6 59. Nxd6 Kxd6 60. Kf3 Ke5 0-1

[Event "Vezerkepzo FM Christmas 2023"]
[Site "Budapest"]
[Date "2023.12.31"]
[Round "6.1"]
[White "Manukonda Arun"]
[Black "Anjali R. Sagar"]
[Result "1-0"]
[ECO "D02"]
[WhiteElo "2085"]
[BlackElo "1559"]
[Annotator "NA COMBH"]
[PlyCount "24"]
[EventDate "2023.12.25"]
[EventType "tourn"]
[EventCountry "HUN"]
[SourceTitle "playchess.com"]
[Source "ChessBase"]
[SourceQuality "1"]
[TimeControl "40/5400+30:1800+30"]

1. d4 d5 2. Nf3 Bf5 3. e3 e6 4. Bd3 Bxd3 5. Qxd3 Nf6 6. Qb5+ Nbd7 7. Qxb7 Bd6 8. Qa6 O-O 9. O-O Ne4 10. Nbd2 Ndf6 11. Qe2 c5 12. c4 Rc8 1-0

[Event "Vezerkepzo FM Christmas 2023"]
[Site "Budapest"]
[Date "2023.12.31"]
[Round "6.3"]
[White "Kahn, Evarth"]
[Black "Kozma, Edit"]
[Result "1-0"]
[ECO "B52"]
[WhiteElo "1972"]
[BlackElo "1754"]
[Annotator "NA COMBH"]
[PlyCount "56"]
[EventDate "2023.12.25"]
[EventType "tourn"]
[EventCountry "HUN"]
[SourceTitle "playchess.com"]
[Source "ChessBase"]
[SourceQuality "1"]
[TimeControl "40/5400+30:1800+30"]

1. e4 c5 2. Nf3 d6 3. Bb5+ Bd7 4. Bxd7+ Qxd7 5. O-O Nc6 6. c3 Nf6 7. Re1 e6 8. d4 cxd4 9. cxd4 d5 10. e5 Ne4 11. Re2 Be7 12. Ne1 f6 13. f3 Ng5 14. Bxg5 fxg5 15. Nc3 a6 16. Nc2 b5 17. Qd2 O-O 18. Nd1 Rac8 19. Nf2 Qc7 20. Kh1 Na5 21. b3 Qc3 22. Qd1 Qc7 23. Nd3 Qb6 24. Nf2 Nc6 25. Qd2 Rc7 26. Ne1 Rfc8 27. Nh3 h6 28. f4 Nd8 1-0

[Event "Vezerkepzo FM Christmas 2023"]
[Site "Budapest"]
[Date "2024.01.01"]
[Round "7.1"]
[White "Anjali R. Sagar"]
[Black "Varga, Csaba Zoltan"]
[Result "0-1"]
[ECO "B00"]
[WhiteElo "1559"]
[BlackElo "2201"]
[Annotator "RC"]
[PlyCount "72"]
[EventDate "2023.12.25"]
[EventType "tourn"]
[EventCountry "HUN"]
[SourceTitle "playchess.com"]
[Source "ChessBase"]
[SourceQuality "1"]
[TimeControl "40/5400+30:1800+30"]

1. e4 b6 2. d4 Bb7 3. Bd3 Nf6 4. Nd2 e6 5. Ngf3 c5 6. c3 cxd4 7. cxd4 Nc6 8. O-O Nb4 9. Bb1 Ba6 10. Re1 Nd3 11. Bxd3 Bxd3 12. Qb3 Ba6 13. d5 Bc5 14. dxe6 fxe6 15. e5 Nd5 16. Ne4 O-O 17. Nfg5 h6 18. Nxc5 bxc5 19. Ne4 Qh4 20. Bd2 Rab8 21. Qa3 Bb7 22. Qxc5 Bc6 23. Qd4 Kh8 24. f3 Rf5 25. Qxa7 Rxb2 26. Rab1 Rxd2 27. Nxd2 Nf4 28. g3 Qg4 29. Rb8+ Kh7 30. Qe3 Nh3+ 31. Kg2 Ng5 32. Rf1 h5 33. a3 h4 34. Ne4 Bxe4 35. Kg1 hxg3 36. Qxe4 Nxf3+ 0-1

[Event "Vezerkepzo FM Christmas 2023"]
[Site "Budapest"]
[Date "2024.01.01"]
[Round "7.2"]
[White "Sagar Siya"]
[Black "Kahn, Evarth"]
[Result "0-1"]
[ECO "B78"]
[WhiteElo "1537"]
[BlackElo "1972"]
[Annotator "NA RC"]
[PlyCount "108"]
[EventDate "2023.12.25"]
[EventType "tourn"]
[EventCountry "HUN"]
[SourceTitle "playchess.com"]
[Source "ChessBase"]
[SourceQuality "1"]
[TimeControl "40/5400+30:1800+30"]

1. e4 c5 2. Nf3 d6 3. d4 cxd4 4. Nxd4 Nf6 5. Nc3 g6 6. Be3 Bg7 7. f3 O-O 8. Qd2 Nc6 9. Bc4 Bd7 10. O-O-O Ne5 11. Bb3 Qa5 12. Kb1 Rfc8 13. h4 Nc4 14. Bxc4 Rxc4 15. g4 Rac8 16. h5 Rxc3 17. bxc3 Bxg4 18. hxg6 hxg6 19. fxg4 Nxe4 20. Qh2 Nxc3+ 21. Kc1 Nxa2+ 22. Kb1 Qb4+ 23. Nb3 Qa3 24. Qh7+ Kf8 25. Qh8+ Bxh8 26. Rxh8+ Kg7 27. Rxc8 Nb4 28. Bd4+ e5 29. Bb2 Qa2+ 30. Kc1 Qa6 31. Bc3 Na2+ 32. Kb2 Qe2 33. Rxd6 Nxc3 34. Rxc3 Qxg4 35. Rc7 a5 36. Rdd7 a4 37. Rxf7+ Kh6 38. Nc5 Qb4+ 39. Ka2 Qc4+ 40. Ka3 b5 41. Nd3 Qd4 42. Ka2 Qd5+ 43. Ka3 Qd6+ 44. Kb2 e4 45. Nf4 Qb4+ 46. Kc1 a3 47. Kd1 a2 48. Ra7 Qb1+ 49. Kd2 a1=Q 50. Rh7+ Kg5 51. Nh3+ Kg4 52. Nf2+ Kf3 53. Rhf7+ Kg2 54. Rxa1 Qxa1 0-1

[Event "Vezerkepzo FM Christmas 2023"]
[Site "Budapest"]
[Date "2024.01.01"]
[Round "7.3"]
[White "Kozma, Edit"]
[Black "Manukonda Arun"]
[Result "1-0"]
[ECO "B93"]
[WhiteElo "1754"]
[BlackElo "2085"]
[Annotator "NA RC"]
[PlyCount "85"]
[EventDate "2023.12.25"]
[EventType "tourn"]
[EventCountry "HUN"]
[SourceTitle "playchess.com"]
[Source "ChessBase"]
[SourceQuality "1"]
[TimeControl "40/5400+30:1800+30"]

1. e4 c5 2. Nf3 d6 3. d4 cxd4 4. Nxd4 Nf6 5. Nc3 a6 6. f4 e5 7. Nf3 Nbd7 8. Bd3 b5 9. a3 Be7 10. O-O O-O 11. Nh4 Nc5 12. Nf5 Bxf5 13. exf5 e4 14. Be2 d5 15. b4 Nb7 16. Qd4 Qd7 17. g4 Rfd8 18. Bb2 Ne8 19. Rad1 Bf6 20. Qb6 Qc8 21. Nxd5 Rxd5 22. Rxd5 Bxb2 23. a4 Nc7 24. Rdd1 bxa4 25. g5 Nb5 26. Bxb5 axb5 27. g6 hxg6 28. fxg6 Nd8 29. Qxb5 Qg4+ 30. Kh1 Qxg6 31. Rg1 Qf6 32. Qe8+ Kh7 33. Qxe4+ g6 34. Qxa8 Ne6 35. f5 Qxf5 36. Rdf1 Qxc2 37. Rxf7+ Bg7 38. Qg2 Qd3 39. Rf3 Qd7 40. Qxg6+ Kg8 41. Qe4 Nc7 42. Qc4+ Kh7 43. Rf7 1-0

[Event "Vezerkepzo FM Christmas 2023"]
[Site "Budapest"]
[Date "2024.01.02"]
[Round "8.1"]
[White "Kahn, Evarth"]
[Black "Anjali R. Sagar"]
[Result "1-0"]
[ECO "C52"]
[WhiteElo "1972"]
[BlackElo "1559"]
[Annotator "NA RC"]
[PlyCount "41"]
[EventDate "2023.12.25"]
[EventType "tourn"]
[EventCountry "HUN"]
[SourceTitle "playchess.com"]
[Source "ChessBase"]
[SourceQuality "1"]
[TimeControl "40/5400+30:1800+30"]

1. e4 e5 2. Nf3 Nc6 3. Bc4 Bc5 4. b4 Bxb4 5. c3 Ba5 6. d4 b5 7. Bxb5 Nxd4 8. Nxd4 exd4 9. Qxd4 Qf6 10. e5 Qb6 11. Qa4 c6 12. Bc4 Qc5 13. O-O Bb6 14. Be3 Qa5 15. Qb3 Qxe5 16. Bxf7+ Kf8 17. Bxg8 Rxg8 18. Bxb6 axb6 19. Nd2 b5 20. Rfe1 Qf4 21. Re3 1-0